Description

spazymutmut

Replay - mut_mut

Build Order

Get SALT Encoding   

  12  0:00  Drone  
  13  0:12  Overlord  
  13  0:18  Drone  
  14  0:30  Drone x2  
  16  0:36  Drone  
  17  0:51  Hatchery  
  17  0:55  Drone  
  17  1:09  Spawning Pool  
  16  1:11  Drone  
  16  1:15  Extractor  
  16  1:17  Drone x2  
  18  1:27  Drone  
  19  1:38  Overlord  
  20  1:55  Queen  
  20  2:00  Zergling x4  
  23  2:03  Queen  
  28  2:16  Metabolic Boost  
  29  2:28  Overlord  
  29  2:31  Queen  
  31  2:38  Queen  
  35  2:48  Overlord  
  36  2:55  Overlord  
  45  3:25  Zergling x2  
  46  3:32  Zergling x4  
  51  3:42  Extractor x2  
  51  3:44  Hatchery  
  54  3:58  Extractor  
  53  4:11  Queen  
  55  4:17  Lair  
  65  4:47  Queen  
  65  4:51  Zergling x2  
  68  5:13  Queen, Extractor x2  
  69  5:22  Spire  
  69  5:23  Queen  
  77  5:30  Zergling x4  
  79  5:42  Zergling x2  
  85  5:47  Zergling x2  
  82  6:33  Mutalisk x10  
  113  6:53  Zerg Flyer Weapons Level 1  
  119  7:02  Queen  
  119  7:03  Extractor  
  123  7:17  Hatchery  
  123  7:18  Evolution Chamber x2  
  123  7:19  Baneling Nest  
  129  7:47  Zerg Ground Armor Level 1  
  136  8:06  Hydralisk Den  
  136  8:08  Infestation Pit  
  138  8:19  Zerg Missile Weapons Level 1  
  147  8:37  Infestation Pit  
  148  8:50  Muscular Augments  
  148  8:52  Hive  
  149  8:56  Extractor x2  
  149  8:58  Hydralisk x7  
  161  9:14  Hydralisk x3  
  177  9:24  Hatchery  
  182  9:51  Zerg Ground Armor Level 2  
Spawning Tool Build Advisor. Get it on Overwolf

Go to:

Details

  • Created by: Psylockex
  • Published on: Jul 27, 2018
  • Modified on: Jul 27, 2018
  • Patch: 4.0.0
Show
View Real Time Build Order
Export as new Build Order

Comments (0)

There are no comments. Be the first!

Create an account to comment!